 Dungeon Crawl Stone Soup version 0.30.0-29-ga12c61a403 (webtiles) character file.

Game seed: 1944637429859142632

132 qw the Chopper (level 5, -3/32 HPs)
             Began as a Gargoyle Fighter on June 5, 2023.
             Killed from afar by Sigmund (6 damage)
             ... with a puff of flame
             ... on level 3 of the Dungeon.
             The game lasted 00:01:24 (2644 turns).

qw the Chopper (Gargoyle Fighter)                   Turns: 2644, Time: 00:01:24

Health: -3/32      AC: 18    Str: 25    XL:     5   Next: 15%
Magic:  5/5        EV:  8    Int:  8    God:
Gold:   171        SH:  4    Dex:  9    Spells: 4/4 levels left

rFire   . . .        a - +0 broad axe of Defiance {flame, Will+ Str+3 Stlth+}
rCold   . . .        c - +0 buckler
rNeg    + . .        f - +4 chain mail
rPois   inf          (no helmet)
rElec   +            e - +0 cloak
rCorr   .            (no gloves)
SInv    .            (no boots)
Will    +....        (no amulet) Stlth
                     (no ring)
HPRegen 0.25/turn    (no ring)
MPRegen 0.09/turn

%: no passive effects
@: no status effects
A: sickness immunity, AC +4, negative energy resistance 1, electricity
resistance, torment resistance 1, petrification resistance
a: no special abilities


You were on level 3 of the Dungeon.
You visited 1 branch of the dungeon, and saw 3 of its levels.

You collected 171 gold pieces.


Innate Abilities, Weirdness & Mutations

You are immune to sickness and miasma.
Your stone body is resilient. (AC +4)
You are immune to poison.
You resist negative energy. (rN+)
You are resistant to electric shocks. (rElec)
You are resistant to unholy torment.
You are immune to petrification.


   Skills:
 - Level 3.2 Fighting
 + Level 4.5 Axes
 - Level 1.0 Throwing
 - Level 3.2 Armour
 - Level 3.2 Shields


You had 4 spell levels left.
You didn't know any spells.
Your spell library was empty.

Inventory:

Hand Weapons
 a - the +0 broad axe of Defiance (weapon) {flame, Will+ Str+3 Stlth+}
   (You acquired it on level 1 of the Dungeon)

   Str:       It affects your strength (+3).
   Will:      It increases your willpower.
   Stlth:     It makes you more stealthy.
 l - a +0 war axe
Missiles
 k - 3 javelins (quivered)
Armour
 c - a +0 buckler (worn)
 e - a +0 cloak (worn)
 f - a +4 chain mail (worn)
Scrolls
 i - a scroll of identify
 m - 3 scrolls of fear {unknown}
 o - a scroll of teleportation
Potions
 b - a potion of attraction {unknown}
 d - 2 potions of might
 g - a potion of heal wounds
 h - a potion of brilliance {unknown}
 j - a potion of flight {unknown}
 n - a potion of invisibility {unknown}

Dungeon Overview and Level Annotations

Branches:
Dungeon (3/15)

Altars:

Annotations:
D:3 Sigmund


Message History

2619 ||| FLEEEEING.
A puff of flame appears from out of thin air!
The puff of flame hits you.
You swing at nothing.
You swing at nothing.
Something hits you but does no damage.
You swing at nothing.
Something hits you but does no damage.
You swing at nothing.
You block something's attack.
You swing at nothing.
Something hits you but does no damage.
You swing at nothing.
Something hits you.
You swing at nothing.
You swing at nothing.
Something hits you but does no damage.
You swing at nothing.
A magic dart appears from out of thin air!
The magic dart hits you.
A magic dart appears from out of thin air!
The magic dart hits you but does no damage.
You swing at nothing.
Something hits you but does no damage.
You swing at nothing.
Something hits you.
You swing at nothing.
Something hits you!
You swing at nothing.
Something hits you.
You swing at nothing.
Something hits you.
You swing at nothing.
You swing at nothing.
A magic dart appears from out of thin air!
The magic dart hits you but does no damage.
You hear some strange, mumbled words.
A puff of flame appears from out of thin air!
The puff of flame hits you.
You die...

........'.##.#
##<###...###.
#.......#.##.# #.#
#...#... #.......#.##.#
#.# #...#.##
#...#.###.##.# #.#
#...#.# ...... #.##.#
#.# #...#.# #...##
#.##.# #.# #...#.# #...
#..#.# #.# #...#.# ..
##)..#######
#.###.###.##
###..{.@..###.#.).......
#......)..............
#.......#####.........
##.#..)...............
#.##)#######.........
#.... #...)# ###.######
#.... ###..# #.# #....
##..### #.# #....
#.....# #.#


There were no monsters in sight!

Vanquished Creatures
  An orc priest (D:3)
  An adder (D:2)
  5 dart slugs
  4 worms
  3 orcs (D:3)
  6 ball pythons
  3 bats (D:2)
  5 endoplasms
  5 giant cockroaches
  6 goblins
  3 hobgoblins
  13 kobolds
  3 quokkas
  4 frilled lizards
  7 rats
69 creatures vanquished.

Notes
Turn   | Place    | Note
-------+----------+-------------------------------------------
     0 | D:1      | qw the Gargoyle Fighter began the quest for the Orb.
     0 | D:1      | Reached XP level 1. HP: 14/14 MP: 1/1
     0 | D:1      | 0 ||| qw: Version: 0.2-a-108-gee2c290
     0 | D:1      | 0 ||| qw: Game counter: 1358
     0 | D:1      | 0 ||| qw: Always use a shield: true
     0 | D:1      | 0 ||| qw: God list: Okawaru
     0 | D:1      | 0 ||| qw: Allow faded altars: false
     0 | D:1      | 0 ||| qw: Do Orc after D:15 true
     0 | D:1      | 0 ||| qw: Do second Lair branch before Depths: true
     0 | D:1      | 0 ||| qw: Lair rune preference: random
     0 | D:1      | 0 ||| qw: Plans: Normal, Zot:1-4, Slime:5, God:TSO, Crypt,
                  | Tomb, Abyss, Pan, Hells, Win
     0 | D:1      | 0 ||| PLANNING D:1-11
     6 | D:1      | Noticed a polar bear
     6 | D:1      | Noticed a lindwurm
     6 | D:1      | Noticed a wolf
     7 | D:1      | Noticed a redback
     7 | D:1      | Noticed a salamander
   124 | D:1      | Reached skill level 2 in Axes
   265 | D:1      | Reached XP level 2. HP: 19/19 MP: 2/2
   392 | D:1      | 392 ||| DROPPING +0 club.
   468 | D:1      | 468 ||| Stepping ~*~*~tactically~*~*~ (stealth).
   594 | D:1      | Reached skill level 3 in Axes
   667 | D:1      | Reached XP level 3. HP: 23/23 MP: 3/3
   940 | D:1      | 940 ||| DROPPING +0 whip.
  1071 | D:1      | 1071 ||| UPGRADING to +0 cloak.
  1076 | D:1      | 1076 ||| UPGRADING to +4 chain mail.
  1086 | D:1      | 1086 ||| DROPPING +0 scale mail.
  1087 | D:1      | 1087 ||| READING scroll labelled JACHEATUZA.
  1088 | D:1      | 1088 ||| READING 3 scrolls labelled VAUXKUCESE.
  1089 | D:1      | 1089 ||| READING scroll labelled OXUYKE CAUFI.
  1089 | D:1      | Identified a scroll of acquirement
  1089 | D:1      | 1089 ||| ACQUIRING +0 broad axe of Defiance {flame, Will+
                  | Str+3 Stlth+}
  1089 | D:1      | Acquired the +0 broad axe of Defiance {flame, Will+ Str+3
                  | Stlth+}
  1091 | D:1      | 1091 ||| SWAPPING to +0 broad axe of Defiance {flame, Will+
                  | Str+3 Stlth+}.
  1092 | D:1      | 1092 ||| DROPPING +2 whip of electrocution.
  1093 | D:1      | 1093 ||| READING scroll labelled COOCSA JAPTIU.
  1094 | D:1      | 1094 ||| READING scroll labelled PUHOVO LEBO.
  1097 | D:1      | 1097 ||| READING 2 scrolls of identify.
  1097 | D:1      | 1097 ||| IDENTIFYING dark potion
  1208 | D:2      | 1208 ||| Stepping ~*~*~tactically~*~*~ (hiding).
  1385 | D:2      | 1385 ||| Stepping ~*~*~tactically~*~*~ (stealth).
  1386 | D:2      | 1386 ||| Stepping ~*~*~tactically~*~*~ (stealth).
  1399 | D:2      | Reached XP level 4. HP: 23/28 MP: 4/4
  1633 | D:2      | Reached skill level 4 in Axes
  1997 | D:3      | 1997 ||| Stepping ~*~*~tactically~*~*~ (stealth).
  1999 | D:3      | 1999 ||| Stepping ~*~*~tactically~*~*~ (stealth).
  2002 | D:3      | 2002 ||| Stepping ~*~*~tactically~*~*~ (stealth).
  2009 | D:3      | 2009 ||| Stepping ~*~*~tactically~*~*~ (stealth).
  2056 | D:3      | 2056 ||| Stepping ~*~*~tactically~*~*~ (stealth).
  2058 | D:3      | 2058 ||| Stepping ~*~*~tactically~*~*~ (hiding).
  2059 | D:3      | 2059 ||| Stepping ~*~*~tactically~*~*~ (hiding).
  2112 | D:3      | 2112 ||| Stepping ~*~*~tactically~*~*~ (stealth).
  2126 | D:3      | 2126 ||| Stepping ~*~*~tactically~*~*~ (stealth).
  2133 | D:3      | 2133 ||| Stepping ~*~*~tactically~*~*~ (stealth).
  2134 | D:3      | 2134 ||| Stepping ~*~*~tactically~*~*~ (stealth).
  2135 | D:3      | 2135 ||| Stepping ~*~*~tactically~*~*~ (stealth).
  2140 | D:3      | Reached XP level 5. HP: 30/32 MP: 5/5
  2151 | D:3      | 2151 ||| Stepping ~*~*~tactically~*~*~ (stealth).
  2160 | D:3      | 2160 ||| Stepping ~*~*~tactically~*~*~ (hiding).
  2163 | D:3      | 2163 ||| Stepping ~*~*~tactically~*~*~ (hiding).
  2166 | D:3      | 2166 ||| Stepping ~*~*~tactically~*~*~ (hiding).
  2277 | D:3      | 2277 ||| Stepping ~*~*~tactically~*~*~ (stealth).
  2278 | D:3      | 2278 ||| Stepping ~*~*~tactically~*~*~ (stealth).
  2325 | D:3      | 2325 ||| Stepping ~*~*~tactically~*~*~ (hiding).
  2467 | D:3      | Reached skill level 1 in Throwing
  2603 | D:3      | Noticed Sigmund
  2604 | D:3      | 2604 ||| Stepping ~*~*~tactically~*~*~ (stealth).
  2606 | D:3      | 2606 ||| Stepping ~*~*~tactically~*~*~ (hiding).
  2616 | D:3      | 2616 ||| FLEEEEING.
  2617 | D:3      | 2617 ||| FLEEEEING.
  2618 | D:3      | 2618 ||| FLEEEEING.
  2619 | D:3      | 2619 ||| FLEEEEING.
  2640 | D:3      | HP: 8/32 [something (7)]
  2642 | D:3      | HP: 3/32 [something (2)]
  2644 | D:3      | Killed from afar by Sigmund

Levels and vault maps discovered:
D:1:      onia_arrival_zoo_common, layout_loops_corners, dk_noncrumbling_4,
          lemuel_flame_loot_1
D:2:      layout_loops_ring
D:3:      layout_basic, gammafunk_ghost_cemetery, uniq_sigmund

Skill      XL: |  1  2  3  4  5 |
---------------+----------------+-----
Axes           | 2 3 4 |  4.5
Throwing       | 1 |  1.0
Fighting       | |  3.2
Armour         | |  3.2
Shields        | |  3.2

Action                     |  1- 3 |  4- 6 || total
---------------------------+-------+-------++-------
  Melee: War axe           |    62 |       ||    62
         Broad axe         |    19 |    53 ||    72
  Throw: Javelin           |       |    18 ||    18
    Use: Scroll            |     6 |       ||     6
 Armour: Scale mail        |    23 |       ||    23
         Chain mail        |    11 |    36 ||    47
  Dodge: Dodged            |    30 |    21 ||    51
  Block: Buckler           |    10 |    11 ||    21

Table legend:
 A = Non-vault XP
 B = Vault XP
 C = Vault XP percentage of total XP
 D = Non-vault monster count
 E = Vault monster count
 F = Vault count percentage of total count
                 A         B        C        D         E       F
            +---------+---------+-------+---------+---------+-------
      Total |     189 |       0 |   0.0 |      69 |       0 |   0.0
            +---------+---------+-------+---------+---------+-------
        D:1 |      41 |       0 |   0.0 |      24 |       0 |   0.0
        D:2 |      64 |       0 |   0.0 |      23 |       0 |   0.0
        D:3 |      84 |       0 |   0.0 |      22 |       0 |   0.0
            +---------+---------+-------+---------+---------+-------
